 Dungeon Crawl Stone Soup version 0.26.1-2-gb8aa6d0cf2 (webtiles) character file.

Game seed: 4579438700283064619

1579 Ladykiller69 the Skirmisher (level 8, -11/87 HPs)
             Began as an Ogre Fighter on Mar 19, 2021.
             Killed themself with a badly aimed iceblast (20 damage)
             ... on level 5 of the Dungeon.
             The game lasted 00:11:17 (7604 turns).

Ladykiller69 the Skirmisher (Ogre Fighter)          Turns: 7604, Time: 00:11:19

Health: -11/87     AC:  3    Str: 21    XL:     8   Next: 91%
Magic:  8/8        EV: 10    Int:  9    God:
Gold:   273        SH:  9    Dex: 10    Spells: 7/7 levels left

rFire    . . .     SeeInvis .   a - +0 war axe
rCold    . . .     Faith    .   c - +0 kite shield
rNeg     . . .     Spirit   .   b - +0 robe
rPois    .         Reflect  .   (helmet restricted)
rElec    .         Harm     .   u - scarf {repulsion}
rCorr    .         Rampage  .   (gloves unavailable)
Will     .....                  (boots unavailable)
Stlth    +.........             (no amulet)
HPRegen  0.24/turn              (no ring)
MPRegen  0.11/turn              (no ring)

@: repel missiles
A: large, unfitting armour, tough skin 1
a: no special abilities


You were on level 5 of the Dungeon.
You visited 2 branches of the dungeon, and saw 7 of its levels.

You collected 273 gold pieces.

Inventory:

Hand Weapons
 a - a +0 war axe (weapon)
Missiles
 y - 8 atropa-tipped darts
Armour
 b - a +0 robe (worn)
 c - a +0 kite shield (worn)
 u - a scarf of repulsion (worn)
Wands
 d - a wand of flame (17) (quivered)
 s - a wand of random effects (19)
 t - a wand of polymorph (10)
Scrolls
 e - 6 scrolls of identify {unknown}
 f - a scroll of fear {unknown}
 h - 2 scrolls of enchant armour {unknown}
 n - 2 scrolls of magic mapping {unknown}
 o - a scroll of immolation {unknown}
 p - 2 scrolls of blinking {unknown}
 q - a scroll of amnesia {unknown}
 v - a scroll of teleportation {unknown}
 w - 2 scrolls of remove curse {unknown}
 x - a scroll of torment {unknown}
Potions
 g - a potion of cancellation {unknown}
 i - 3 potions of flight
 j - a potion of brilliance {unknown}
 k - a potion of curing {unknown}
 l - a potion of mutation {unknown}
 m - a potion of invisibility {unknown}
 r - a potion of might


   Skills:
 + Level 7.5 Fighting
 * Level 7.2 Axes
 + Level 5.1 Dodging
 + Level 5.1 Shields


You had 7 spell levels left.
You didn't know any spells.
Your spell library contained the following spells:

 Spells                   Type           Power        Failure   Level
 Poisonous Vapours        Pois/Air       0%           80%         2
 Mephitic Cloud           Conj/Pois/Air  0%           95%         3
 Spider Form              Tmut/Pois      0%           95%         3
 Alistair's Intoxication  Tmut/Pois      0%           100%        5
 Eringya's Noxious Bog    Tmut/Pois      0%           100%        6


Dungeon Overview and Level Annotations

Branches:
Dungeon (6/15)             Temple (1/1) D:5

Altars:
Ashenzari
Cheibriados
Dithmenos
Elyvilon
Fedhas
Gozag
Hepliaklqana
Kikubaaqudgha
Makhleb
Nemelex Xobeh
Okawaru
Qazlal
Ru
Sif Muna
Trog
Vehumet
Yredelemnul
The Shining One


Innate Abilities, Weirdness & Mutations

You are too large for most types of armour.
You have tough skin. (AC +1)


Message History

Aiming: Random Effects
Press: ? - help, Shift-Dir - straight line, f - yak
Aim: a yak The puff of flame hits the yak.
The yak is lightly wounded.
The yak gores you!
* * * LOW HITPOINT WARNING * * *
Aiming: Random Effects
Press: ? - help, Shift-Dir - straight line, f/p - yak
Aim: a yak (lightly wounded)
The puff of flame hits the yak.
The yak is lightly wounded.
The yak closely misses you.
Aiming: Random Effects
Press: ? - help, Shift-Dir - straight line, f/p - yak
Aim: a yak (lightly wounded)
The mass of ice explodes!
The iceblast engulfs the yak!
The yak is moderately wounded.
The iceblast engulfs you!!
You die...

############
#......@...#
#......Y...#
#..........#
#....).....#
#..........#
#..........#
###
#..........#
#..
#......(...#
#..
#..........#
#..


You could see a yak.

Vanquished Creatures
  Sigmund (D:2)
  A yak (D:6)
  An ice beast (D:5)
  A sky beast (D:6)
  A phantom (D:4)
  2 ogres
  A centaur (D:6)
  A bullfrog (D:4)
  A bullfrog zombie (D:5)
  2 hounds
  An orc wizard (D:6)
  An orc priest (D:3)
  2 centaur skeletons
  Jessica (D:2)
  Ijyb (D:3)
  An iguana (D:5)
  Natasha (thrice) (D:2)
  3 worker ants
  A hound skeleton (D:3)
  A worker ant zombie (D:5)
  2 gnolls (D:4)
  9 adders
  An ooze (D:2)
  2 adder skeletons
  A worm (D:2)
  2 dart slugs (D:2)
  6 leopard geckos
  13 orcs
  3 ball pythons
  5 bats
  5 giant cockroaches
  10 goblins
  10 hobgoblins
  8 jackals
  A quokka (D:3)
  A frilled lizard (D:1)
  4 kobolds
  A leopard gecko skeleton (D:4)
  A leopard gecko zombie (D:5)
  A quokka zombie (D:5)
  10 rats
123 creatures vanquished.

Notes
Turn   | Place    | Note
-------+----------+-------------------------------------------
     0 | D:1      | Ladykiller69 the Ogre Fighter began the quest for the Orb.
     0 | D:1      | Reached XP level 1. HP: 24/24 MP: 1/1
   214 | D:1      | Reached XP level 2. HP: 30/32 MP: 2/2
   664 | D:1      | Reached XP level 3. HP: 39/40 MP: 3/3
  1213 | D:2      | Noticed Sigmund
  1223 | D:2      | Killed Sigmund
  1224 | D:2      | Reached skill level 5 in Fighting
  1224 | D:2      | Reached XP level 4. HP: 22/50 MP: 4/4
  1224 | D:2      | Reached XP level 5. HP: 25/57 MP: 5/5
  1225 | D:2      | Reached XP level 6. HP: 28/66 MP: 6/6
  1464 | D:2      | Found a basalt altar of Yredelemnul.
  1471 | D:2      | Found a radiant altar of Vehumet.
  1510 | D:2      | Noticed Jessica
  1516 | D:2      | Killed Jessica
  2095 | D:2      | Noticed Natasha
  2108 | D:2      | Killed Natasha
  2368 | D:2      | Noticed Natasha
  2377 | D:2      | Killed Natasha
  2916 | D:2      | Noticed Natasha
  2931 | D:2      | Killed Natasha
  3541 | D:3      | Reached XP level 7. HP: 74/74 MP: 7/7
  3542 | D:3      | Noticed Ijyb
  3566 | D:3      | Killed Ijyb
  3873 | D:3      | Reached skill level 5 in Axes
  4144 | D:3      | Found a burning altar of Makhleb.
  5187 | D:4      | Reached XP level 8. HP: 39/84 MP: 8/8
  5201 | D:4      | Identified the Compendium of Envenoming
  5611 | D:5      | Entered Level 5 of the Dungeon
  5764 | D:5      | Found a staircase to the Ecumenical Temple.
  5791 | Temple   | Entered the Ecumenical Temple
  6670 | D:6      | Noticed a yak
  6670 | D:6      | Noticed a yak
  6672 | D:6      | Noticed a yak
  7336 | D:6      | Reached skill level 5 in Dodging
  7336 | D:6      | Reached skill level 5 in Shields
  7539 | D:6      | Noticed a yak
  7539 | D:6      | Noticed a yak
  7539 | D:6      | Noticed a yak
  7580 | D:6      | Killed a yak
  7604 | D:5      | Killed themself with a badly aimed iceblast

Illustrated notes

Levels and vault maps discovered:
D:1:      zaba_arrival_water, layout_basic
D:2:      layout_basic, amethyst_overflow_temple_binary, uniq_sigmund,
          uniq_natasha, uniq_jessica
D:3:      layout_rooms, lightli_temple_of_fire, uniq_ijyb
D:4:      minmay_clustersquares, layout_basic, portal_sewer_entry_b,
          chequers_serial_rivers_micro_c
D:5:      layout_rooms, minmay_temple_entry_drinking_statues
D:6:      layout_rooms
Temple:   eino_wide_crystal_templ

Skill      XL: |  1  2  3  4  5  6  7  8 |
---------------+-------------------------+-----
Shields        | 3 4 5 |  5.1
Dodging        | 3 4 5 |  5.1
Axes           | 4 5 7 |  7.2
Fighting       | 5 6 7 |  7.5

Action                   |  1- 3 |  4- 6 |  7- 9 || total
-------------------------+-------+-------+-------++-------
Melee: War axe           |   130 |   121 |   254 ||   505
Evoke: Wand              |       |       |    10 ||    10
  Use: Potion            |     1 |     2 |       ||     3
 Stab: Sleeping          |       |     1 |       ||     1
Armor: Robe              |    46 |    21 |    41 ||   108
       Skin              |       |       |    10 ||    10
Dodge: Dodged            |    64 |    33 |    92 ||   189
Block: Kite shield       |    53 |    49 |   115 ||   217
